 Dungeon Crawl Stone Soup version 0.29.1-15-g9cfb28693d (console) character file.

Game seed: 15414398860317284314

100 Goreval the Sneak (level 5, -2/28 HPs)
             Began as a Kobold Enchanter on Feb 24, 2023.
             Constricted to death by Ijyb (3 damage)
             ... on level 3 of the Dungeon.
             The game lasted 00:08:20 (3143 turns).

Goreval the Sneak (Kobold Enchanter)                Turns: 3143, Time: 00:08:21

Health: -2/28      AC:  2    Str:  5    XL:     5   Next: 3%
Magic:  1/8        EV: 12    Int: 18    God:
Gold:   151        SH:  0    Dex: 16    Spells: 3/8 levels left

rFire   . . .      SeeInvis .   a - +1 dagger
rCold   . . .      Faith    .   (no shield)
rNeg    . . .      Spirit   .   b - +0 robe
rPois   .          Reflect  .   (no helmet)
rElec   .          Harm     .   (no cloak)
rCorr   .          Rampage  .   (no gloves)
Will    .....                   (no boots)
Stlth   ++++......              (no amulet)
HPRegen 0.09/turn               (no ring)
MPRegen 0.11/turn               (no ring)

@: grasped by roots, constricted
A: small, no large weapons, nightstalker 3, mutation resistance 1
a: no special abilities


You were on level 3 of the Dungeon.
You visited 1 branch of the dungeon, and saw 4 of its levels.

You collected 151 gold pieces.

Inventory:

Hand Weapons
 a - a +1 dagger (weapon)
Armour
 b - a +0 robe (worn)
Scrolls
 d - 3 scrolls of vulnerability {unknown}
 e - 9 scrolls of identify {unknown}
 f - a scroll of amnesia {unknown}
 i - a scroll of acquirement {unknown}
 k - a scroll of noise {unknown}
 l - a scroll of teleportation {unknown}
 n - a scroll of poison {unknown}
Potions
 c - a potion of invisibility
 g - a potion of attraction {unknown}
 h - a potion of mutation
 j - a potion of curing {unknown}
 m - a potion of brilliance {unknown}
 o - a potion of berserk rage {unknown}


   Skills:
 * Level 3.7 Short Blades
 - Level 2.4 Dodging
 + Level 4.8 Stealth
 - Level 2.1 Spellcasting
 * Level 4.0 Hexes
 + Level 0.7 Ice Magic


You had 3 spell levels left.
You knew the following spells:

 Your Spells              Type           Power      Damage    Failure   Level
a - Ensorcelled Hibernat  Hex/Ice        20%        N/A       11%         2
b - Confusing Touch       Hex            16%        N/A       11%         3

Your spell library contained the following spells:

 Spells                   Type           Power      Damage    Failure   Level
 Tukima's Dance           Hex            16%        N/A       11%         3
 Dazzling Flash           Conj/Hex       18%        N/A       24%         3
 Passwall                 Tmut/Erth      0%         N/A       26%         2
 Ignite Poison            Fire/Tmut/Pois 1%         N/A       47%         3
 Mephitic Cloud           Conj/Pois/Air  1%         N/A       47%         3
 Swiftness                Air            1%         N/A       47%         3
 Freezing Cloud           Conj/Ice/Air   1%         6-21      99%         5


Dungeon Overview and Level Annotations

Branches:
Dungeon (4/15) Zot: 20873
 Temple: D:4-7

Altars:

Shops:
D:1 !

Annotations:
D:3 3 runed translucent doors, Ijyb


Innate Abilities, Weirdness & Mutations

You are small and have problems with some larger weapons.
You are completely attuned to the shadows.
You are somewhat resistant to further mutation.


Message History

You hit the orc. The orc barely misses you.
Aim: an orc, wielding a +0 falchion and wearing a +0 ring mail (heavily wounded, chance to affect: 62%)
The orc looks drowsy...
The helpless orc fails to defend itself.
You impale the orc!!
You kill the orc!
Your Hexes skill increases to level 4!
Aim: Ijyb, wielding a +0 dagger, wearing a +0 ring mail and carrying a wand of roots (8) (chance to affect: 52%) Ijyb resists with significant effort.
Ijyb barely misses you.
Aim: Ijyb, wielding a +0 dagger, wearing a +0 ring mail and carrying a wand of roots (8) (chance to affect: 52%) Ijyb resists with significant effort.
Ijyb zaps a wand.
The roots erupt in riotous growth!
The grasping roots grab you!
Ijyb is unaffected.
The grasping roots constrict you.
The orc priest looks braver for a moment.
You hit Ijyb but do no damage. Ijyb barely misses you.
The grasping roots constrict you.
You closely miss Ijyb. Ijyb misses you. The grasping roots constrict you.
You barely miss Ijyb. You hit Ijyb. Ijyb closely misses you.
The grasping roots constrict you.
The grasping roots release their grip on you.
You hit Ijyb but do no damage. Ijyb closely misses you.
You closely miss Ijyb. Ijyb screams, "Me stronger than you!"
Ijyb hits you with a +0 dagger.
* * * LOW HITPOINT WARNING * * *
Okay, then.
You closely miss Ijyb.
Ijyb zaps a wand.
The roots erupt in riotous growth!
The grasping roots grab you!
Ijyb is unaffected.
The grasping roots constrict you.
* * * LOW HITPOINT WARNING * * *
Okay, then.
Sorry, you're not good enough to have a special ability.
Unknown command.
It was a potion of mutation.
You feel extremely strange.
You feel genetically stable. Ijyb barely misses you.
The grasping roots constrict you.
You die...

##.# #.#.....#######.....### #.#
#.....................# #.#
#.#.....#############.# #.# ########
#.###........<......#.# ##.# #......########
#.###.#..####.#...###.#
.#.#####......#......###...#.#.......#...# #.#
.#.#..................)..............>...# #.#
.#.#[###......#......#.....#.#...#.##....# #.#
.#...###......#....).#.#####.#.###.##....# #.#
.#>...............÷..#.......#.....##....# #.#
.########..........##################....# #.#
.##### ####....##..###..).# #....# #.########
.....#######....#........#.# #....# #......#.#
................#...÷....#.# #....########.#.#
.....######.....#........#.# #...........#...#
...[.# #.#####....####### #...#######.###)#
.....# #.# #....# ##...##....#.# #)# #....# #.#
#....# #.......##.#.# #.# ####.## #.#####.#..#
#### #...##...#.#.# #.# #.....#
#.......#.##..(....#..####...##...#.#.# #.#
#.....# ###########.##(....♣.#....##...#....#.#.#
#.#
#.....###...#######.####+++###....##...#..###.#.#
#.#
.......##.#.........##.......g....##.#.#......#.#
#.#
#......##...##########..........####.#.#......#.#
#.# ####.#.####.#
####..#.##...og@...######<#.###.# #.....##.#
#....##.############ ###.....# ####.....##.#
#....##.# ~~###..### .........##.#
#....##.#######..... ~~.....# #####....##.#
#....##...go.##..... .~~....# .........##.#
#....#######o##..... ...~...#
###########.#########...... #)##....~ ~..~...#
#..........#####. #o......~ .~~....#
#.########.##### #.#...... ### #......#
...#...... #......# ######...~~ ####......#
#..~.. #.....##### ..~. #.##### ####.# #....#
#####.#### #..<#.#### #.###....# #.# ####.# #.#
#.# #.# #.# #.# #.# #.# #.# #.# #.#


You could see Ijyb and an orc priest.

Vanquished Creatures
  3 adders
  A worm (D:3)
  A dart slug (D:2)
  8 orcs (D:3)
  6 endoplasms
  4 giant cockroaches (D:1)
  2 goblins (D:1)
  A hobgoblin (D:1)
  4 jackals
  4 quokkas
  5 ball pythons
  7 bats
  5 frilled lizards
  2 kobolds
  2 rats (D:1)
55 creatures vanquished.

Notes
Turn   | Place    | Note
-------+----------+-------------------------------------------
     0 | D:1      | Goreval the Kobold Enchanter began the quest for the Orb.
     0 | D:1      | Reached XP level 1. HP: 10/10 MP: 3/3
   139 | D:1      | Found Noskif's Distillery.
   161 | D:1      | Reached XP level 2. HP: 15/15 MP: 5/5
   164 | D:1      | Learned a level 2 spell: Ensorcelled Hibernation
   305 | D:1      | Found a faded altar of an unknown god.
   474 | D:1      | Reached XP level 3. HP: 19/19 MP: 6/6
   481 | D:1      | Learned a level 3 spell: Confusing Touch
  1726 | D:3      | Found a runed translucent gate.
  1726 | D:3      | Found a runed translucent gate.
  1726 | D:3      | Found a runed translucent gate.
  1737 | D:3      | Reached XP level 4. HP: 24/24 MP: 7/7
  2680 | D:3      | Noticed Ijyb
  2720 | D:3      | Reached XP level 5. HP: 16/28 MP: 8/8
  3142 | D:3      | HP: 1/28 [constriction (5)]
  3143 | D:3      | Gained mutation: You are somewhat resistant to further
                  | mutation. [potion of mutation]
  3143 | D:3      | Constricted to death by Ijyb

Illustrated notes

Levels and vault maps discovered:
D:1:      lemuel_arrival_muddy, layout_rooms, serial_shops, shop,
          dreamdust_ecumenical_altar_angels_and_demons
D:2:      layout_basic
D:3:      cheibrodos_helix_gallery, layout_basic, ebering_ghost_rock_garden,
          uniq_ijyb
D:4:      layout_basic, kennysheep_generic_room_2, uniq_grinder

Skill      XL: |  1  2  3  4  5 |
---------------+----------------+-----
Short Blades   | 2 3 |  3.7
Hexes          | 4 |  4.0
Dodging        | |  2.4
Stealth        | |  4.8
Spellcasting   | |  2.1
Ice Magic      | |  0.7

Action                   |  1- 3 |  4- 6 || total
-------------------------+-------+-------++-------
Melee: Dagger            |    46 |    82 ||   128
 Cast: Ensorcelled Hiber |     6 |    20 ||    26
  Use: Potion            |       |     2 ||     2
 Stab: Sleeping          |    25 |    14 ||    39
       Distracted        |     1 |       ||     1
       Invisible         |       |     1 ||     1
Armor: Robe              |     4 |     6 ||    10
Dodge: Dodged            |    14 |    58 ||    72
